 Dungeon Crawl Stone Soup version 0.31-a0-178-g96ec847f19 (webtiles) character file.

Game seed: 4767614692256633221

49 qw the Chopper (level 3, -4/23 HPs)
             Began as a Gargoyle Fighter on June 18, 2023.
             Slain by a gnoll
             ... wielding a +0 club
              (7 damage)
             ... on level 2 of the Dungeon.
             The game lasted 00:00:33 (1047 turns).

qw the Chopper (Gargoyle Fighter)                   Turns: 1047, Time: 00:00:34

Health: -4/23      AC: 10    Str: 21    XL:     3   Next: 77%
Magic:  3/3        EV:  9    Int:  8    God:
Gold:   67         SH:  4    Dex:  9    Spells: 2/2 levels left

rFire   + . .        Y - +0 war axe
rCold   + . .        c - +0 buckler
rNeg    + . .        b - +0 scale mail
rPois   inf          (no helmet)
rElec   +            l - scarf {rC+ rF+}
rCorr   .            (no gloves)
SInv    .            (no boots)
Will    .....        (no amulet) Stlth
                     (no ring)
HPRegen 0.23/turn    (no ring)
MPRegen 0.08/turn

%: no passive effects
@: about to teleport
A: sickness immunity, AC +3, negative energy resistance 1, electricity
resistance, torment resistance 1, petrification resistance
a: no special abilities


You were on level 2 of the Dungeon.
You visited 1 branch of the dungeon, and saw 2 of its levels.

You collected 67 gold pieces.


Innate Abilities, Weirdness & Mutations

You are immune to sickness and miasma.
Your stone body is resilient. (AC +3)
You are immune to poison.
You resist negative energy. (rN+)
You are resistant to electric shocks. (rElec)
You are resistant to unholy torment.
You are immune to petrification.


   Skills:
 - Level 3.2 Fighting
 + Level 3.6 Axes
 - Level 3.2 Armour
 - Level 3.2 Shields


You had 2 spell levels left.
You didn't know any spells.
Your spell library was empty.

Inventory:

Hand Weapons
 k - a +0 club
 Y - a +0 war axe (weapon)
Armour
 b - a +0 scale mail (worn)
 c - a +0 buckler (worn)
 l - a scarf of resistance (worn)
Jewellery
 e - an amulet of the acrobat
Scrolls
 a - a scroll of identify
Potions
 d - a potion of might
 h - a potion of haste {unknown}

Dungeon Overview and Level Annotations

Branches:
Dungeon (2/15)

Altars:


Message History

An adder comes into view.
The gnoll misses you. You block the gnoll's attack.
The adder hisses angrily.
You hit the gnoll.
The gnoll is lightly wounded.
The gnoll hits you from afar with a +0 halberd.
The gnoll hits you but does no damage. You block the gnoll's attack. x2
You barely miss the gnoll.
The gnoll is lightly wounded.
You barely miss the gnoll. The gnoll closely misses you.
You block the gnoll's attack. The gnoll barely misses you.
You closely miss the gnoll.
The gnoll is lightly wounded.
You hit the gnoll but do no damage.
The gnoll hits you from afar with a +0 halberd.
The gnoll closely misses you. The gnoll hits you but does no damage.
You slash the gnoll!
The gnoll is almost dead.
You barely miss the gnoll. The gnoll barely misses you.
The gnoll closely misses you. The gnoll hits you but does no damage.
You block the gnoll's attack.
The gnoll hits you from afar with a +0 halberd.
The gnoll barely misses you.
You hit the gnoll.
You kill the gnoll!
You hit the gnoll but do no damage.
The gnoll hits you from afar with a +0 halberd.
The gnoll hits you with a +0 club.
1046 ||| READING scroll of teleportation.
As you read the scroll of teleportation, it crumbles to dust.
You feel strangely unstable. The gnoll barely misses you.
You block the gnoll's attack. The gnoll closely misses you.
You hit the gnoll.
The gnoll is moderately wounded.
You closely miss the gnoll. The gnoll barely misses you.
The gnoll closely misses you. The gnoll hits you with a +0 club!
You die...

#....~~~~..#
#####
#....~.....#
#....~~~~#.#
#.......##...
#.......# ##
####'#+## #.#
#.# #@#
#gg.>.#
#Sg...#
#.....#
#......#
##.....#
.......
#..#..#


You could see 3 gnolls and an adder.

Vanquished Creatures
  An adder (D:1)
  A gnoll (D:2)
  A dart slug (D:1)
  2 bats
  An endoplasm (D:1)
  5 giant cockroaches
  7 goblins
  2 hobgoblins (D:1)
  2 ball pythons
  A frilled lizard (D:1)
  A kobold (D:1)
  3 rats
27 creatures vanquished.

Notes
Turn   | Place    | Note
-------+----------+-------------------------------------------
     0 | D:1      | qw the Gargoyle Fighter began the quest for the Orb.
     0 | D:1      | Reached XP level 1. HP: 14/14 MP: 1/1
     0 | D:1      | 0 ||| qw: Version: 0.3-a-7-ge0c9b40
     0 | D:1      | 0 ||| qw: Game counter: 869
     0 | D:1      | 0 ||| qw: Always use a shield: true
     0 | D:1      | 0 ||| qw: God list: Okawaru
     0 | D:1      | 0 ||| qw: Allow faded altars: false
     0 | D:1      | 0 ||| qw: Do Orc after D:15 true
     0 | D:1      | 0 ||| qw: Do second Lair branch before Depths: true
     0 | D:1      | 0 ||| qw: Lair rune preference: random
     0 | D:1      | 0 ||| qw: Plans: Normal, Zot:1-4, Slime:5, God:TSO, Crypt,
                  | Tomb, Abyss, Pan, Hells, Win
     0 | D:1      | 0 ||| PLANNING D:1-11
    14 | D:1      | You fall into a shaft and drop 1 floor!
    18 | D:2      | 18 ||| FLEEEEING.
    19 | D:2      | 19 ||| FLEEEEING.
    20 | D:2      | 20 ||| FLEEEEING.
    21 | D:2      | 21 ||| STAIRDANCE
    30 | D:1      | Reached XP level 2. HP: 16/19 MP: 2/2
   175 | D:1      | 175 ||| Stepping ~*~*~tactically~*~*~ (stealth).
   177 | D:1      | 177 ||| Stepping ~*~*~tactically~*~*~ (stealth).
   233 | D:1      | Reached skill level 3 in Axes
   275 | D:1      | Reached XP level 3. HP: 18/23 MP: 3/3
   473 | D:1      | 473 ||| Stepping ~*~*~tactically~*~*~ (stealth).
   922 | D:1      | 922 ||| UPGRADING to scarf of resistance.
   927 | D:1      | 927 ||| READING 2 scrolls labelled XAPROE XOULOCE.
   928 | D:1      | 928 ||| READING scroll labelled JAWNUA NEUNNA.
   929 | D:1      | 929 ||| READING scroll labelled IMOJET AG WOTT.
   930 | D:1      | 930 ||| READING scroll labelled LOMACA LAOTZEM.
   931 | D:1      | 931 ||| READING scroll labelled WEGHITE ERIZ.
  1006 | D:2      | 1006 ||| Stepping ~*~*~tactically~*~*~ (stealth).
  1045 | D:2      | HP: 5/23 [gnoll/+0 halberd (5)]
  1045 | D:2      | HP: 2/23 [gnoll/+0 club (3)]
  1046 | D:2      | 1046 ||| READING scroll of teleportation.
  1047 | D:2      | Slain by a gnoll

Levels and vault maps discovered:
D:1:      co_arrival_hexagon_in_a_hexagon, layout_basic, serial_rivers,
          chequers_serial_rivers_room_b, chequers_serial_rivers_micro_b,
          chequers_serial_rivers_micro_e, chequers_serial_rivers_micro_d
D:2:      layout_basic, basic_altar, ebering_dispersal_statue_hall,
          chequers_serial_rivers_micro_d

Skill      XL: |  1  2 |
---------------+-------+-----
Axes           | 2 3 |  3.6
Fighting       | |  3.2
Armour         | |  3.2
Shields        | |  3.2

Action                     || total
---------------------------++-------
  Melee: War axe           ||    77
    Use: Scroll            ||     6
 Armour: Scale mail        ||    55
  Dodge: Dodged            ||    38
  Block: Buckler           ||    16

Table legend:
 A = Non-vault XP
 B = Vault XP
 C = Vault XP percentage of total XP
 D = Non-vault monster count
 E = Vault monster count
 F = Vault count percentage of total count
                 A         B        C        D         E       F
            +---------+---------+-------+---------+---------+-------
      Total |      71 |       0 |   0.0 |      27 |       0 |   0.0
            +---------+---------+-------+---------+---------+-------
        D:1 |      49 |       0 |   0.0 |      21 |       0 |   0.0
        D:2 |      22 |       0 |   0.0 |       6 |       0 |   0.0
            +---------+---------+-------+---------+---------+-------
